 Dungeon Crawl Stone Soup version 0.30.1-4-g462c640d31 (webtiles) character file.

Game seed: 8656117847468504673

112 Powssss the Chopper (level 4, -2/41 HPs)
             Began as a Minotaur Berserker on Aug 25, 2023.
             Was a Believer of Trog.
             Slain by a wraith (12 damage)
             ... in an ossuary.
             The game lasted 00:04:30 (1367 turns).

Powssss the Chopper (Minotaur Berserker)            Turns: 1367, Time: 00:04:31

Health: -2/41      AC:  6    Str: 24    XL:     4   Next: 63%
Magic:  3/3        EV: 10    Int:  4    God:    Trog [**....]
Gold:   120        SH:  3    Dex:  9    Spells: 3/3 levels left

rFire   . . .        a - +0 hand axe
rCold   . . .        g - +0 buckler
rNeg    . . .        f - +0 scale mail
rPois   .            (helmet restricted)
rElec   .            (no cloak)
rCorr   .            (no gloves)
SInv    .            (no boots)
Will    .....        (no amulet) Stlth
                     (no ring)
HPRegen 0.26/turn    (no ring)
MPRegen 0.08/turn

%: no passive effects
@: slowed, very slow
A: horns 2, retaliatory headbutt
a: Renounce Religion, Berserk, Trog's Hand


You were in an ossuary.
You worshipped Trog.
Trog was pleased with you.
You visited 1 branch of the dungeon, and saw 4 of its levels.
You also visited: Ossuary.

You collected 120 gold pieces.

Inventory:

Hand Weapons
 a - a +0 hand axe (weapon)
Missiles
 e - 2 poisoned darts (quivered)
Armour
 f - a +0 scale mail (worn)
 g - a +0 buckler (worn)
Scrolls
 b - 2 scrolls of immolation {unknown}
 c - a scroll of enchant armour {unknown}
 d - 3 scrolls of fear {unknown}
 h - 6 scrolls of identify {unknown}
 i - a scroll of teleportation {unknown}
 j - 2 scrolls of vulnerability {unknown}
 k - a scroll of magic mapping {unknown}
 p - a scroll of blinking {unknown}
Potions
 l - 2 potions of invisibility {unknown}
 m - 2 potions of brilliance {unknown}
 n - a potion of degeneration {unknown}
 o - a potion of curing {unknown}
 q - a potion of haste {unknown}
 r - a potion of cancellation {unknown}
 s - a potion of attraction {unknown}


   Skills:
 + Level 4.5 Fighting
 + Level 4.5 Axes
 - Level 0.6 Throwing
 + Level 3.4 Armour
 - Level 2.4 Dodging
 + Level 1.7 Shields


You had 3 spell levels left.
You didn't know any spells.
Your spell library was empty.

Dungeon Overview and Level Annotations

Branches:
Dungeon (4/15)            Ossuary (1/1)
 Temple: D:4-7

Altars:


Innate Abilities, Weirdness & Mutations

You have a pair of horns on your head.
You reflexively headbutt those who attack you in melee.


Message History

You open the door.
There is an open door here.
h - 6 scrolls labelled KUBROI MAIBING (gained 1)
There is an open door here.
You open the door.
A wraith comes into view.
Found a scroll labelled HIJAHO NUTAE.
You hit the wraith but do no damage. The wraith barely misses you.
You closely miss the wraith. The wraith hits you!
The wraith drains your vigour!
You feel yourself slow down.
You barely miss the wraith. The wraith hits you but does no damage.
The wraith barely misses you.
You closely miss the wraith. The wraith hits you but does no damage.
You closely miss the wraith. The wraith misses you.
You block the wraith's attack.
You hit the wraith.
The wraith is lightly damaged.
You block the wraith's attack. x2
You closely miss the wraith.
The wraith is lightly damaged.
The wraith hits you but does no damage.
You barely miss the wraith.
The wraith is lightly damaged.
You feel yourself speed up. The wraith closely misses you. The wraith hits you!
The wraith drains your vigour!
You feel yourself slow down.
You hit the wraith but do no damage. The wraith hits you.
You hit the wraith.
The wraith is lightly damaged.
You block the wraith's attack. The wraith hits you!
* * * LOW HITPOINT WARNING * * *
The wraith drains your vigour!
You feel as though you will be slow longer.
You closely miss the wraith.
The wraith is lightly damaged.
The wraith barely misses you. The wraith hits you but does no damage.
You hit the wraith but do no damage.
The wraith is lightly damaged.
The wraith hits you!
You die...

#..####.####.....####.####..#
#...........................#
#............#.#............#
#..####......#'#......####..#
#..#.'...8...#.#...8...'.#..#
#..####......###......####..#
#...........................#
#...........................#
#..#.#..#.#..#@#..#.#..#.#..#
#. #+#..#'#..#W#..#'#..#'#..#
#..#.#..#?#..#.#..#.#..#
##..###..###..###..###..#
........................#
........................#
#########'''#############
##...## ##.....##


You could see a wraith.

Vanquished Creatures
  A hound (D:4)
  2 mummies (Ossuary)
  An adder (D:3)
  A worm (D:3)
  2 dart slugs
  4 ball pythons
  An endoplasm (D:3)
  2 giant cockroaches (D:1)
  6 goblins
  A quokka (D:3)
  3 bats (D:3)
  A frilled lizard (D:1)
  A gnoll zombie (Ossuary)
  6 goblin zombies (Ossuary)
  3 hobgoblin zombies (Ossuary)
  5 kobolds
  3 kobold zombies (Ossuary)
  4 rats
47 creatures vanquished.

Notes
Turn   | Place    | Note
-------+----------+-------------------------------------------
     0 | D:1      | Powssss the Minotaur Berserker began the quest for the Orb.
     0 | D:1      | Reached XP level 1. HP: 19/19 MP: 0/0
   102 | D:1      | Reached XP level 2. HP: 27/27 MP: 1/1
   482 | D:2      | You fall into a shaft and drop 1 floor!
   482 | D:3      | Found a faded altar of an unknown god.
   600 | D:3      | Reached XP level 3. HP: 33/33 MP: 2/2
   675 | D:3      | Reached ** piety under Trog
   931 | D:4      | Reached skill level 1 in Shields
   931 | D:4      | Reached XP level 4. HP: 36/41 MP: 3/3
   955 | D:4      | Found a sand-covered staircase.
   973 | Ossuary  | Entered an ossuary
   973 | Ossuary  | Noticed a wraith
   973 | Ossuary  | Noticed a wraith
   973 | Ossuary  | Noticed a wraith
  1355 | Ossuary  | Noticed a wraith
  1367 | Ossuary  | Slain by a wraith

Illustrated notes

Levels and vault maps discovered:
D:1:      minmay_arrival_loop, layout_rooms, minmay_misc_feat_tower
D:2:      layout_rooms, basic_altar, nrook_campfire, minmay_misc_feat_tiny,
          kennysheep_nondescript
D:3:      layout_rooms, ebering_ecumenical_altar_mist
D:4:      layout_cave_pools, led_sif_book, serial_forest,
          infiniplex_forest_clump_curved, infiniplex_forest_corner_1,
          infiniplex_forest_pool, infiniplex_forest_straight_1,
          infiniplex_forest_end_3, infiniplex_forest_clump_long,
          infiniplex_forest_corner_1, nicolae_ossuary_entry_false_entrances,
          gup_sewer_entry_pipe, minivault_25, chequers_serial_rivers_micro_b,
          hangedman_decor_growths, minivault_24
Ossuary:  ossuary_kennysheep_city_of_the_dead

Skill      XL: |  1  2  3 |
---------------+----------+-----
Fighting       | 4 |  4.5
Axes           | 4 |  4.5
Armour         | 3 |  3.4
Shields        | 1 |  1.7
Throwing       | |  0.6
Dodging        | |  2.4

Action                     |  1- 3 |  4- 6 || total
---------------------------+-------+-------++-------
  Melee: Hand axe          |    62 |    44 ||   106
         Headbutt          |     6 |     6 ||    12
 Armour: Animal skin       |     7 |       ||     7
         Scale mail        |    12 |    13 ||    25
  Dodge: Dodged            |    32 |    17 ||    49
  Block: Buckler           |     1 |     9 ||    10
